 Dungeon Crawl Stone Soup version 0.28.0 (webtiles) character file.

Game seed: 4887141289816264394

2771 SnakkuSnakku7 the Spear-Bearer (level 9, -4/59 HPs)
             Began as a Merfolk Arcane Marksman on Feb 12, 2022.
             Was a Believer of Elyvilon.
             Slain by a manticore (6 damage)
             ... on level 7 of the Dungeon.
             The game lasted 00:10:48 (8325 turns).

SnakkuSnakku7 the Spear-Bearer (MfAM)               Turns: 8325, Time: 00:10:48

Health: -4/59      AC: 20    Str: 14    XL:     9   Next: 69%
Magic:  10/10      EV:  6    Int: 12    God:    Elyvilon [**....]
Gold:   257        SH:  5    Dex: 15    Spells: 9/10 levels left

rFire   + . .      SeeInvis .   a - +1 halberd (protect)
rCold   + . .      Faith    .   (shield currently unavailable)
rNeg    . . .      Spirit   .   v - +0 plate armour
rPois   +          Reflect  +   e - +0 helmet
rElec   +          Harm     .   (no cloak)
rCorr   +          Rampage  .   h - +1 pair of gloves
Will    .....                   (no boots)
Stlth   ..........              g - amulet of reflection
HPRegen 0.19/turn               m - ring of poison resistance
MPRegen 0.12/turn               (no ring)

@: mighty, about to teleport, resistant, under a protective aura, hasted, very
quick
A: (nimble swimmer 2), mertail
a: Renounce Religion, Purification, Heal Other


You were on level 7 of the Dungeon.
You worshipped Elyvilon.
Elyvilon was pleased with you.
You visited 1 branch of the dungeon, and saw 7 of its levels.

You collected 418 gold pieces.
You spent 161 gold pieces at shops.

Inventory:

Hand Weapons
 a - a +1 halberd of protection (weapon)
 f - a +0 mace
 n - a +0 spear
 F - a +0 halberd
 H - a +0 trident of venom
Missiles
 b - 4 javelins (quivered)
 c - a throwing net
 r - 9 poisoned darts
Armour
 e - a +0 helmet (worn)
 h - a +1 pair of gloves (worn)
 k - a +0 robe
 p - a +0 leather armour
 q - a +0 chain mail
 v - a +0 plate armour (worn)
 y - a +2 robe of cold resistance
Jewellery
 g - an amulet of reflection (around neck)
 m - a ring of poison resistance (left hand)
Wands
 x - a wand of digging (2)
 B - a wand of polymorph (7)
 E - a wand of flame (7)
Scrolls
 i - 2 scrolls of fog
 s - a scroll of enchant armour {unknown}
 w - a scroll of holy word {unknown}
 z - 2 scrolls of teleportation
 D - a scroll of vulnerability {unknown}
 G - a scroll of blinking {unknown}
Potions
 d - a potion of attraction
 l - a potion of curing {unknown}
 t - 2 potions of flight
 u - a potion of lignification
 C - a potion of mutation {unknown}


   Skills:
 - Level 1.1 Fighting
 + Level 13.2 Polearms
 - Level 3.7 Throwing
 + Level 11.1 Dodging
 - Level 1.0 Spellcasting
 - Level 3.0 Hexes


You had 9 spell levels left.
You knew the following spells:

 Your Spells              Type           Power      Damage    Failure   Level
a - Slow                  Hex            28%        N/A       100%        1

Your spell library contained the following spells:

 Spells                   Type           Power      Damage    Failure   Level
 Sublimation of Blood     Necr           0%         N/A       100%        2
 Wereblood                Tmut           0%         N/A       100%        2
 Confusing Touch          Hex            7%         N/A       100%        3
 Inner Flame              Hex/Fire       4%         N/A       100%        3
 Portal Projectile        Hex/Tloc       8%         N/A       100%        3
 Vampiric Draining        Necr           0%         2d6       100%        3
 Cause Fear               Hex            3%         N/A       100%        4
 Summon Forest            Summ/Tloc      0%         N/A       100%        5
 Eringya's Noxious Bog    Tmut/Pois      0%         N/A       100%        6
 Summon Hydra             Summ           0%         N/A       100%        7


Dungeon Overview and Level Annotations

Branches:
Dungeon (7/15)
 Temple: D:4-7

Altars:
Dithmenos
Elyvilon
Gozag
Kikubaaqudgha
Sif Muna
Trog
Vehumet
Wu Jian

Shops:
D:3 [

Annotations:
D:6 3 runed translucent doors, Jingleheimer's ghost, novice MiHu


Innate Abilities, Weirdness & Mutations

((You are very nimble when in or above water. (Stealth+, EV+, Speed+++)))
Your lower body shifts to a powerful aquatic tail in water.


Message History

The manticore claws you but does no damage.
The manticore claws you.
You hit the manticore.
The manticore is moderately wounded.
The manticore bites you!
The manticore claws you but does no damage.
The manticore claws you!
* * * LOW HITPOINT WARNING * * *
You are too injured to fight recklessly!
You are too injured to fight recklessly!
You are too injured to fight recklessly!
Really quaff the potion of lignification?
Uppercase [Y]es or [N]o only, please.
Really quaff the potion of lignification?
Okay, then.
Okay, then.
Press: ? - help, Dir - move target, f/p - manticore Heal: a manticore (moderately wounded, uninterested)
As you read the scroll of teleportation, it crumbles to dust.
You feel strangely unstable. You block the manticore's attack.
The manticore claws you but does no damage.
The manticore claws you.
* * * LOW HITPOINT WARNING * * *
It was a potion of resistance.
You feel protected.
The manticore bites you but does no damage.
The manticore claws you but does no damage.
The manticore barely misses you.
It was a potion of haste.
You feel yourself speed up.
You carefully extract the barbed spikes from your body.
You block the manticore's attack.
The manticore claws you but does no damage.
The manticore claws you.
* * * LOW HITPOINT WARNING * * *
It was a potion of might.
You feel very mighty all of a sudden.
The manticore bites you but does no damage.
The manticore claws you but does no damage.
The manticore claws you.
You die...

###### ###
#.##.######.#
#........@H.#
#....######.#
########.# #.#
#........# #.#
#.#############.#
####......##
#.....#
............
+....H....'..
..........##
#.....#####..
>...........
#.....#


You could see a manticore.

Vanquished Creatures
  Pikel (D:6)
  A manticore (D:6)
  Sigmund (D:2)
  A steam dragon (D:6)
  A water moccasin (D:5)
  2 ice beasts
  A sky beast (D:6)
  A centaur (D:6)
  3 ogres (D:6)
  A phantom (D:5)
  Blork the orc (D:5)
  3 scorpions
  A water moccasin zombie (D:5)
  A bullfrog zombie (D:5)
  A gnoll shaman (D:6)
  3 hounds
  An orc priest (D:4)
  5 iguanas
  An orc wizard (D:4)
  A statue (D:5)
  A hound skeleton (D:4)
  5 adders
  4 gnolls
  2 river rats (D:3)
  3 worms
  A dart slug (D:3)
  9 orcs
  8 ball pythons
  7 bats
  A bat zombie (D:3)
  2 endoplasms
  7 giant cockroaches
  5 goblins
  4 hobgoblins
  7 kobolds
  5 quokkas
  2 frilled lizards
  11 rats
  A rat zombie (D:3)
116 creatures vanquished.

Vanquished Creatures (others)
  A plant (D:7)
1 creature vanquished.

Grand Total: 117 creatures vanquished

Notes
Turn   | Place    | Note
-------+----------+-------------------------------------------
     0 | D:1      | SnakkuSnakku7 the Merfolk Arcane Marksman began the quest
                  | for the Orb.
     0 | D:1      | Reached XP level 1. HP: 15/15 MP: 2/2
   522 | D:1      | Reached XP level 2. HP: 11/21 MP: 3/3
   879 | D:1      | Reached XP level 3. HP: 17/26 MP: 4/4
  1478 | D:2      | Reached skill level 1 in Polearms
  1597 | D:2      | Reached skill level 2 in Polearms
  1709 | D:2      | Reached XP level 4. HP: 7/32 MP: 5/5
  2091 | D:2      | Noticed Sigmund
  2491 | D:2      | Reached skill level 3 in Polearms
  3241 | D:3      | Reached skill level 4 in Polearms
  3295 | D:3      | Found a bloodstained altar of Trog.
  3443 | D:3      | Found an ancient bone altar of Kikubaaqudgha.
  3483 | D:3      | Found a white marble altar of Elyvilon.
  3502 | D:3      | Became a worshipper of Elyvilon the Healer
  3599 | D:3      | Identified a scroll of acquirement
  3599 | D:3      | Acquired a +0 trident of venom
  3608 | D:3      | Found Pucoer's Armour Shop.
  3761 | D:3      | Reached XP level 5. HP: 32/37 MP: 6/6
  3780 | D:3      | Reached skill level 5 in Polearms
  3927 | D:3      | Bought a +1 pair of gloves for 161 gold pieces
  3985 | D:3      | Found a faded altar of an unknown god.
  4188 | D:3      | Found a shadowy altar of Dithmenos.
  4558 | D:4      | Reached * piety under Elyvilon
  4581 | D:4      | Reached skill level 6 in Polearms
  4637 | D:4      | Found an opulent altar of Gozag.
  4697 | D:4      | Found an ornate altar of the Wu Jian Council.
  5019 | D:4      | Reached XP level 6. HP: 39/43 MP: 7/7
  5396 | D:2      | Killed Sigmund
  5397 | D:2      | Reached skill level 7 in Polearms
  5397 | D:2      | Reached XP level 7. HP: 21/48 MP: 8/8
  5489 | D:4      | Reached skill level 8 in Polearms
  5489 | D:4      | Reached skill level 5 in Dodging
  5642 | D:5      | Entered Level 5 of the Dungeon
  5716 | D:5      | Reached ** piety under Elyvilon
  5906 | D:5      | Reached skill level 9 in Polearms
  6070 | D:5      | Reached XP level 8. HP: 53/54 MP: 9/9
  6117 | D:5      | Found a radiant altar of Vehumet.
  6132 | D:5      | Reached skill level 10 in Polearms
  6371 | D:5      | Noticed Blork the orc
  6383 | D:5      | Killed Blork the orc
  6388 | D:5      | Found a shimmering blue altar of Sif Muna.
  6659 | D:6      | Found a runed translucent gate.
  6659 | D:6      | Found a runed translucent gate.
  6661 | D:6      | Found a runed translucent gate.
  6736 | D:6      | Reached skill level 11 in Polearms
  6800 | D:6      | Noticed Pikel
  6835 | D:6      | Killed Pikel
  6836 | D:6      | Reached skill level 12 in Polearms
  6836 | D:6      | Reached skill level 10 in Dodging
  6836 | D:6      | Reached XP level 9. HP: 14/59 MP: 10/10
  7477 | D:6      | Noticed a manticore
  7492 | D:6      | Elyvilon protects you from harm!
  7495 | D:6      | Killed a manticore
  7496 | D:6      | Reached skill level 13 in Polearms
  8198 | D:6      | Noticed Jingleheimer's ghost (novice MiHu)
  8300 | D:7      | Noticed a manticore
  8324 | D:7      | HP: 2/59 [manticore (6)]
  8325 | D:7      | Slain by a manticore

Illustrated notes

Levels and vault maps discovered:
D:1:      psy_arrival_statuary, layout_basic, chequers_arboretum
D:2:      layout_loops_corners, uniq_sigmund
D:3:      layout_loops_cross, amcnicky_altar_gilded, old_standard_altar,
          lemuel_zombie_altar_kikubaaqudgha, mainiacjoe_overflow_alcove_4,
          portal_sewer_entry_e, shapermc_ecumenical_altar_petra, serial_shops,
          nicolae_diamond_shop
D:4:      layout_basic, kennysheep_little_box, grunt_gozag_statues
D:5:      layout_rooms, tgw_sif, vehumet_statue
D:6:      layout_cave_pods, gammafunk_ghost_icy, hangedman_decor_push,
          uniq_pikel
D:7:      layout_basic, fedhas_ov_isle_minmay, nemelex_altar_shiori,
          minmay_temple_entry_steel_oval, minmay_strange_pillars

Skill      XL: |  1  2  3  4  5  6  7  8  9 |
---------------+----------------------------+-----
Throwing       | 3 |  3.7
Polearms       | 2 4 6 7 9 12 13 | 13.2
Dodging        | 3 4 6 10 11 | 11.1
Fighting       | |  1.1
Spellcasting   | |  1.0
Hexes          | |  3.0

Action                   |  1- 3 |  4- 6 |  7- 9 || total
-------------------------+-------+-------+-------++-------
Melee: Unarmed           |     8 |       |       ||     8
       Mace              |    56 |       |       ||    56
       Spear             |    45 |   125 |       ||   170
       Punch             |     1 |     3 |     3 ||     7
       Trident           |       |    86 |   240 ||   326
       Halberd           |       |       |    11 ||    11
Throw: Javelin           |    14 |     6 |       ||    20
       Throwing net      |     1 |       |       ||     1
  Use: Scroll            |       |     6 |     1 ||     7
       Potion            |       |       |     4 ||     4
 Stab: Sleeping          |     1 |     2 |       ||     3
Armor: Robe              |    21 |     8 |       ||    29
       Chain mail        |       |    42 |       ||    42
       Leather armour    |       |     1 |       ||     1
       Plate armour      |       |    20 |   108 ||   128
       Skin              |       |       |     5 ||     5
Dodge: Dodged            |    76 |    54 |    35 ||   165
Block: Other             |    15 |    31 |    30 ||    76
       Reflection        |       |       |     3 ||     3
